 Dungeon Crawl Stone Soup version 0.23-a0-402-g64599a1 (webtiles) character file.

11365 EvilAliv3 the Destroyer (level 11, -6/69 HPs)
             Began as a Gargoyle Conjurer on Nov 4, 2018.
             Was a Believer of Vehumet.
             Mangled by a komodo dragon (20 damage)
             ... on level 1 of the Lair of Beasts.
             The game lasted 01:36:49 (15021 turns).

EvilAliv3 the Destroyer (Gargoyle Conjurer)        Turns: 15021, Time: 01:36:50

Health: -6/69      AC: 17    Str: 12    XL:     11   Next: 76%
Magic:  20/32      EV: 13    Int: 19    God:    Vehumet [**....]
Gold:   680        SH:  3    Dex: 10    Spells: 18/26 levels left

rFire    . . .     SeeInvis .   w - +3 hand axe (elec)
rCold    . . .     Gourm    .   J - +0 buckler
rNeg     + . .     Faith    .   i - +0 troll leather armour
rPois    ∞         Spirit   .   (no helmet)
rElec    +         Reflect  .   z - +2 cloak
rCorr    .         Harm     .   A - +0 pair of gloves
MR       .....                  t - +0 pair of boots
Stlth    ++........             (no amulet)
HPRegen  0.61/turn              k - ring of magical power
MPRegen  0.23/turn              E - ring of wizardry

@: no status effects
A: negative energy resistance 1, electricity resistance, unbreathing,
petrification resistance, rot immunity, AC +8
a: Renounce Religion


You were on level 1 of the Lair of Beasts.
You worshipped Vehumet.
Vehumet was pleased with you.
You were very hungry.

You visited 3 branches of the dungeon, and saw 12 of its levels.

You collected 680 gold pieces.

Inventory:

Hand Weapons
 w - a +3 hand axe of electrocution (weapon)
Missiles
 y - 4 throwing nets (quivered)
Armour
 a - a +0 plate armour
 i - a +0 troll leather armour (worn)
 q - a +0 shield
 t - a +0 pair of boots (worn)
 z - a +2 cloak (worn)
 A - a +0 pair of gloves (worn)
 J - a +0 buckler (worn)
Jewellery
 k - a ring of magical power (left hand)
 E - a ring of wizardry (right hand)
Wands
 G - a wand of iceblast (3)
 H - a wand of random effects (6)
 I - a wand of flame (18)
Scrolls
 d - 4 scrolls of blinking
 e - 6 scrolls of enchant weapon
 f - 5 scrolls of remove curse
 m - 3 scrolls of amnesia
 n - a scroll of identify
 o - a scroll of teleportation
 s - a scroll of fog
 x - a scroll of enchant armour
Potions
 b - 2 potions of flight
 h - a potion of heal wounds
 j - a potion of mutation
 l - 3 potions of agility
 p - 5 potions of curing
 u - 3 potions of lignification
 v - 3 potions of brilliance
 C - a potion of ambrosia
 D - a potion of might
Miscellaneous
 B - a lamp of fire (inert)
Comestibles
 c - 17 rations
 g - 11 chunks of flesh


   Skills:
 + Level 8.7 Fighting
 + Level 2.6 Armour
 + Level 6.9 Dodging
 - Level 2.1 Stealth
 + Level 0.9 Shields
 - Level 8.1 Spellcasting
 - Level 12.0 Conjurations
 + Level 2.1 Hexes
 - Level 3.0 Air Magic


You had 18 spell levels left.
You knew the following spells:

 Your Spells              Type           Power        Failure   Level  Hunger
a - Magic Dart            Conj           ####         1%          1    None
b - Searing Ray           Conj           ######       1%          2    None
c - Shock                 Conj/Air       ####         1%          1    None
d - Fulminant Prism       Conj/Hex       ####......   4%          4    ###....

Your spell library contained the following spells:

 Spells                   Type           Power        Failure   Level  Hunger
 Inner Flame              Hex/Fire       ##......     13%         3    None
 Sting                    Conj/Pois      ####         1%          1    None
 Dazzling Spray           Conj/Hex       ####..       1%          3    None
 Iskenderun's Mystic Bla  Conj           ######..     1%          4    ###....
 Mephitic Cloud           Conj/Pois/Air  ####....     2%          3    None
 Poisonous Vapours        Pois/Air       ##....       6%          2    None
 Force Lance              Conj/Tloc      ####....     6%          4    ###....
 Venom Bolt               Conj/Pois      ####......   16%         5    #####..
 Olgreb's Toxic Radiance  Pois           #.......     52%         4    ###....


Dungeon Overview and Level Annotations

Branches:
Dungeon (10/15)            Temple (1/1) D:6            Lair (1/6) D:10
    Orc: D:9-12

Altars:
Ashenzari
Cheibriados
Dithmenos
Elyvilon
Fedhas
Hepliaklqana
Okawaru
Ru
Uskayaw
Vehumet
Xom
Yredelemnul
Zin

Portals:
Ice
Cave: Lair:1

Annotations:
D:10 Nergalle, Sonja


Innate Abilities, Weirdness & Mutations

You are resistant to torment.
Your stone body is resilient. (AC +8)
You are immune to poison.
You resist negative energy. (rN+)
You are resistant to electric shocks. (rElec)
You can survive without breathing.
You are immune to petrification.
You are immune to rotting.


Message History

The komodo dragon bites you!
Your fulminant prism explodes!
The blast of energy engulfs the komodo dragon.
The komodo dragon is moderately wounded.
You hit the komodo dragon but do no damage.
Lightning courses through the komodo dragon!
The komodo dragon is heavily wounded.
The komodo dragon bites you!
You hit the komodo dragon.
Lightning courses through the komodo dragon!
The komodo dragon is almost dead.
The komodo dragon closely misses you.
You barely miss the komodo dragon.
The komodo dragon is almost dead.
The komodo dragon bites you!!
* * * LOW HITPOINT WARNING * * *
You hit the komodo dragon.
The komodo dragon is almost dead.
The komodo dragon closely misses you. The komodo dragon bites you!!
You die...

**,,,,,,* #.... #.......# ##...
##.......# #... #...∩....# #...
#........# #... *#.......# #...
##......## #... #....l...# #...
##...@..#* #... #.......## #...
#........# #... ### ##......##
#### #...
####.########.......#####..###...
..........................)......
.........................^.......
.......................).........
...............÷.................


You could see a komodo dragon.

Vanquished Creatures
  Harold (D:10)
  A two-headed ogre (D:10)
  Pikel (D:9)
  Maurice (D:8)
  Joseph (D:7)
  A black mamba (Lair:1)
  A rime drake (Lair:1)
  2 trolls (D:10)
  2 hornets
  A slime creature (D:9)
  Sigmund (D:3)
  A spriggan (D:8)
  A wyvern (D:10)
  A basilisk (Lair:1)
  A hungry ghost (D:8)
  A porcupine (Lair:1)
  3 water moccasins
  An orc warrior (D:8)
  11 ice beasts
  A black bear (D:9)
  A phantom (D:9)
  A slave (D:9)
  A hornet zombie (D:9)
  A necrophage (D:7)
  A sky beast (D:9)
  5 ogres
  3 wolves (D:10)
  6 centaurs
  A crocodile (Lair:1)
  2 big kobolds (D:9)
  A wyvern zombie (D:10)
  8 bullfrogs
  A water moccasin zombie (D:8)
  6 scorpions
  5 killer bees (D:10)
  10 wights
  2 electric eels (D:10)
  2 crimson imps (D:10)
  2 vampire bats (D:5)
  A howler monkey (D:4)
  A quasit (D:6)
  A centaur zombie (D:6)
  A jelly (D:7)
  A bullfrog zombie (D:6)
  6 orc priests
  2 bullfrog skeletons
  14 hounds
  2 centaur skeletons
  5 iguanas
  Natasha (thrice) (D:4)
  4 orc wizards
  5 worker ants
  A hound zombie (D:10)
  A howler monkey zombie (D:5)
  7 gnolls
  10 adders
  2 shadow imps
  An ooze (D:1)
  3 adder skeletons
  3 adder zombies
  2 worms
  4 leopard geckos
  20 orcs
  4 giant cockroaches
  2 gnoll zombies (D:7)
  17 goblins
  8 hobgoblins
  4 jackals (D:5)
  11 kobolds
  3 quokkas
  15 bats
  4 frilled lizards
  A leopard gecko skeleton (D:4)
  A leopard gecko zombie (D:6)
  8 rats
271 creatures vanquished.

Vanquished Creatures (others)
  2 slaves (D:9)
  A worker ant (D:9)
  32 fulminant prisms
  A fungus (Lair:1)
36 creatures vanquished.

Grand Total: 307 creatures vanquished

Notes
Turn   | Place    | Note
-------+----------+-------------------------------------------
     0 | D:1      | EvilAliv3 the Gargoyle Conjurer began the quest for the
                  | Orb.
     0 | D:1      | Reached XP level 1. HP: 10/10 MP: 3/3
   127 | D:1      | Reached XP level 2. HP: 16/16 MP: 1/5
   930 | D:2      | Reached skill level 1 in Fighting
   935 | D:2      | Reached XP level 3. HP: 18/20 MP: 0/6
   976 | D:2      | Found a glowing silver altar of Zin.
  1107 | D:2      | Reached XP level 4. HP: 25/25 MP: 2/8
  1925 | D:2      | Reached XP level 5. HP: 30/30 MP: 9/9
  2302 | D:3      | Reached skill level 5 in Conjurations
  2898 | D:3      | Noticed Sigmund
  3033 | D:4      | Noticed Natasha
  3113 | D:4      | Found a white marble altar of Elyvilon.
  3351 | D:4      | Noticed an ogre
  3899 | D:4      | Reached XP level 6. HP: 36/36 MP: 11/11
  4591 | D:4      | Killed Natasha
  4805 | D:5      | Entered Level 5 of the Dungeon
  4806 | D:5      | Noticed an ice beast
  4853 | D:5      | Reached XP level 7. HP: 41/41 MP: 13/13
  4935 | D:5      | Learned a level 2 spell: Searing Ray
  4974 | D:5      | Reached skill level 5 in Spellcasting
  5328 | D:5      | Reached skill level 6 in Conjurations
  5522 | D:5      | Found a hide-covered altar of Uskayaw.
  5571 | D:5      | Reached XP level 8. HP: 43/48 MP: 16/16
  6256 | D:6      | Found an iron altar of Okawaru.
  6275 | D:6      | Paralysed by a centaur for 6 turns
  6628 | D:6      | Reached skill level 7 in Conjurations
  6745 | D:6      | Reached skill level 5 in Fighting
  6805 | D:6      | Noticed a troll
  6979 | D:6      | Found a staircase to the Ecumenical Temple.
  6990 | Temple   | Entered the Ecumenical Temple
  7006 | Temple   | Became a worshipper of Vehumet
  7258 | D:3      | Killed Sigmund
  7258 | D:3      | Reached XP level 9. HP: 54/54 MP: 18/18
  7354 | D:4      | Noticed Natasha
  7364 | D:4      | Killed Natasha
  7618 | D:4      | Noticed Natasha
  7624 | D:4      | Killed Natasha
  8004 | D:7      | Found a shattered altar of Ashenzari.
  8371 | D:7      | Reached skill level 8 in Conjurations
  8591 | D:7      | Noticed Joseph
  8891 | D:7      | Killed Joseph
  9227 | D:7      | Reached * piety under Vehumet
  9227 | D:7      | Offered knowledge of Shock by Vehumet.
  9230 | D:7      | Learned a level 1 spell: Shock
  9230 | D:7      | Found a basalt altar of Yredelemnul.
  9287 | D:7      | Reached skill level 5 in Dodging
  9772 | D:8      | Reached skill level 9 in Conjurations
  9899 | D:8      | Noticed a hornet
  9914 | D:8      | Killed a hornet
  9914 | D:8      | Reached XP level 10. HP: 36/61 MP: 19/20
 10549 | D:8      | Reached skill level 10 in Conjurations
 10625 | D:8      | Noticed Maurice
 11081 | D:8      | Killed Maurice
 11439 | D:9      | Found a blossoming altar of Fedhas.
 11524 | D:9      | Offered knowledge of Sting by Vehumet.
 11556 | D:9      | Reached ** piety under Vehumet
 11703 | D:9      | Noticed Pikel
 11984 | D:9      | Reached skill level 1 in Air Magic
 12028 | D:9      | Killed Pikel
 12071 | D:9      | Found a snail-covered altar of Cheibriados.
 12144 | D:10     | Entered Level 10 of the Dungeon
 12202 | D:10     | Noticed Harold
 12217 | D:10     | Killed Harold
 12217 | D:10     | Reached skill level 11 in Conjurations
 12217 | D:10     | Reached XP level 11. HP: 42/68 MP: 16/23
 12610 | D:9      | Found a snail-covered altar of Cheibriados.
 12766 | D:9      | Found a blossoming altar of Fedhas.
 13742 | D:10     | Learned a level 4 spell: Fulminant Prism
 13970 | D:10     | Noticed a two-headed ogre
 14106 | D:10     | Found a staircase to the Lair.
 14255 | D:10     | Reached skill level 1 in Armour
 14256 | D:10     | Killed a two-headed ogre
 14256 | D:10     | Reached skill level 1 in Hexes
 14490 | D:10     | Noticed Sonja
 14547 | D:10     | Noticed Nergalle
 14716 | Lair:1   | Entered Level 1 of the Lair of Beasts
 14828 | Lair:1   | Offered knowledge of Inner Flame by Vehumet.
 15007 | Lair:1   | Reached skill level 12 in Conjurations
 15011 | Lair:1   | Found a frozen archway.
 15021 | Lair:1   | Mangled by a komodo dragon

Vault maps used:
D:1:      dpeg_arrival_chambers_temple_mockup
D:2:      cheibrodos_greedy_goblins, lemuel_round_altar, serial_park_tiny_pond
D:3:      uniq_sigmund
D:4:      elyvilon_altar_4, first_ration, patterned_corridor, uniq_natasha
D:5:      basic_altar, roderic_batcave
D:6:      minmay_temple_entry_grid, basic_altar
D:7:      lemuel_zombie_altar_yredelemnul, cheibrodos_ashenzari_chains,
          serial_glass, glass_columns_a, glass_columns_b, uniq_joseph
D:8:      the_bakery, uniq_maurice
D:9:      hangedman_cross_stitches, fedhas_altar_4,
          nicolae_overflow_hidden_temple, uniq_pikel
D:10:     erik_lair_island, uniq_nergalle, uniq_sonja, uniq_harold
Temple:   regret_index_temple_sphere_string
Lair:1:   portal_ice_cave_entry_ice_beasts

Skill      XL: |  1  2  3  4  5  6  7  8  9 10 11 |
---------------+----------------------------------+-----
Fighting       | 1 2 3 4 5 6 8 |  8.7
Dodging        | 2 3 4 5 6 |  6.9
Spellcasting   | 3 4 5 6 7 8 |  8.1
Conjurations   | 5 6 7 9 11 12 | 12.0
Air Magic      | 2 3 |  3.0
Armour         | 2 |  2.6
Hexes          | 2 |  2.1
Stealth        | |  2.1
Shields        | |  0.9

Action                   |  1- 3 |  4- 6 |  7- 9 | 10-12 || total
-------------------------+-------+-------+-------+-------++-------
Melee: Unarmed           |     5 |       |       |       ||     5
       Spear             |    27 |    41 |       |       ||    68
       Hand axe          |       |    36 |   213 |   105 ||   354
       Dagger            |       |     1 |       |       ||     1
 Cast: Magic Dart        |    39 |    95 |   152 |   171 ||   457
       Shock             |       |       |    18 |   140 ||   158
       Searing Ray       |       |       |     3 |    13 ||    16
       Fulminant Prism   |       |       |       |    32 ||    32
Evoke: Wand              |       |       |       |     7 ||     7
       Lamp of fire      |       |       |       |     1 ||     1
  Use: Scroll            |       |       |    11 |    20 ||    31
       Potion            |       |       |     2 |       ||     2
  Eat: Chunk             |     1 |     8 |    12 |    13 ||    34
       Ration            |       |     1 |     1 |     2 ||     4
Armor: Robe              |     7 |       |       |       ||     7
       Ring mail         |       |    49 |     4 |       ||    53
       Scale mail        |       |       |   176 |   122 ||   298
       Troll leather arm |       |       |       |    28 ||    28
Dodge: Dodged            |    14 |    52 |   158 |   151 ||   375
Block: Buckler           |       |       |       |     2 ||     2

Table legend:
 A = Non-vault XP
 B = Vault XP
 C = Vault XP percentage of total XP
 D = Non-vault monster count
 E = Vault monster count
 F = Vault count percentage of total count
                 A         B        C        D         E       F
            +---------+---------+-------+---------+---------+-------
      Total |   10432 |    5805 |  35.8 |     220 |      50 |  18.5
            +---------+---------+-------+---------+---------+-------
        D:1 |      26 |       0 |   0.0 |      11 |       0 |   0.0
        D:2 |     137 |      18 |  11.6 |      31 |       9 |  22.5
        D:3 |      64 |     231 |  78.3 |      16 |       1 |   5.9
        D:4 |     385 |      35 |   8.3 |      14 |       1 |   6.7
        D:5 |     550 |     119 |  17.8 |      13 |       9 |  40.9
        D:6 |     892 |       0 |   0.0 |      25 |       0 |   0.0
        D:7 |    1121 |     449 |  28.6 |      33 |       3 |   8.3
        D:8 |    1617 |     709 |  30.5 |      20 |       2 |   9.1
        D:9 |    1546 |    1468 |  48.7 |      26 |      10 |  27.8
       D:10 |    2463 |    1742 |  41.4 |      23 |       7 |  23.3
     Lair:1 |    1631 |    1034 |  38.8 |       8 |       8 |  50.0
            +---------+---------+-------+---------+---------+-------
